Map: Canyon of Tribulation

Players

Kejawan

  • Race: Protoss Protoss
  • Spawn Location: 6:00

twoshoes

  • Race: Protoss Protoss
  • Spawn Location: 6:00

Kingfischer

  • Race: Terran Terran
  • League: Bronze
  • Spawn Location: 12:00

finessipov

  • Race: Terran Terran
  • League: Platinum
  • Spawn Location: 3:00

Revenbard

  • Race: Zerg Zerg
  • League: Platinum
  • Spawn Location: 7:00

redbusman

  • Race: Terran Terran
  • League: Bronze
  • Spawn Location: 12:00

VOD

Have the link to the VOD?

Description

Time

  • Played on: July 12, 2020, 10:56 p.m.
  • Length: 10:07
Show
View Real Time Build Order
Export as new Build Order

Kejawan Protoss 

Build Orders:  

Get SALT Encoding   

  12  0:01  Probe  
  13  0:13  Probe  
  14  0:25  Probe  
  14  0:26  Pylon  
  15  0:37  Assimilator  
  15  0:40  Probe  
  15  0:48  Probe  
  17  1:00  Probe  
  18  1:13  Nexus  
  18  1:17  Probe  
  19  1:29  Probe  
  20  1:33  Assimilator  
  20  1:41  Probe  
  21  1:52  Gateway  
  21  2:14  Pylon  
  21  2:23  Pylon  
  21  2:26  Probe  
  22  2:34  Probe  
  22  2:43  Cybernetics Core, Probe  
  23  2:46  Pylon  
  24  2:53  Probe  
  24  2:56  Probe  
  26  3:05  Probe  
  27  3:06  Forge  
  27  3:08  Warp Gate, Probe  
  27  3:09  Pylon  
  28  3:17  Probe  
  29  3:20  Probe  
  30  3:27  Stalker  
  30  3:32  Probe  
  33  3:40  Photon Cannon  
  33  3:44  Probe  
  34  3:49  Photon Cannon  
  34  3:53  Pylon  
  34  3:57  Stalker  
  36  4:03  Photon Cannon  
  36  4:23  Gateway  
  36  4:25  Gateway  
  36  4:27  Gateway, Stalker, Probe  
  39  4:32  Protoss Ground Weapons Level 1  
  39  4:40  Probe  
  40  4:48  Photon Cannon  
  40  4:49  Photon Cannon  
  40  4:57  Stalker  
  42  5:20  Zealot  
  42  5:21  Zealot x2  
  48  5:39  Stalker  
  50  5:46  Stalker  
  50  5:47  Stalker  
  54  5:57  Stalker  
  56  6:09  Stalker  
  56  6:10  Stalker x2  
  54  6:35  Stalker  
  54  6:36  Stalker  
  54  6:37  Stalker  
  54  6:38  Stalker  
  60  6:41  Protoss Ground Armor Level 1  
  56  6:59  Stalker  
  56  7:01  Stalker x2  
  60  7:02  Stalker  
  54  7:28  Stalker  
  54  7:29  Stalker x2  
  48  7:30  Stalker  
  50  7:42  Probe  
  51  7:45  Assimilator  
  51  7:49  Assimilator  
  51  7:51  Pylon  
  51  7:53  Stalker x2  
  51  7:54  Stalker x2, Probe, Pylon  
  60  8:06  Probe  
  57  8:16  Stalker  
  57  8:17  Stalker x2  
  57  8:18  Stalker, Probe  
  54  8:55  Stargate  
  54  8:57  Probe  
  54  8:58  Stargate  
  54  9:00  Stargate  
  55  9:05  Probe  
  56  9:14  Zealot  
  56  9:15  Probe, Zealot x2  
  55  9:27  Probe  
Show
View Real Time Build Order
Export as new Build Order

twoshoes Protoss 

Build Orders: 1 Gate Expand, Oracle Opening 

Get SALT Encoding   

  12  0:01  Probe  
  13  0:13  Probe  
  14  0:18  Pylon  
  14  0:25  Probe  
  15  0:37  Gateway  
  15  0:38  Probe  
  16  0:46  Probe  
  16  0:53  Assimilator  
  16  0:54  Probe  
  18  1:26  Nexus  
  18  1:38  Cybernetics Core  
  18  1:41  Probe  
  19  1:49  Assimilator  
  19  1:53  Probe  
  20  2:05  Probe  
  20  2:08  Pylon  
  21  2:17  Probe  
  22  2:35  Stargate  
  22  2:39  Probe  
  23  2:47  Probe  
  23  2:57  Probe  
  24  2:59  Gateway  
  24  3:00  Warp Gate  
  25  3:09  Probe  
  26  3:20  Oracle  
  26  3:21  Probe  
  30  3:31  Assimilator  
  30  3:34  Probe  
  31  3:36  Assimilator  
  31  3:39  Pylon  
  31  3:43  Pylon  
  31  3:46  Probe  
  32  3:57  Stargate  
  32  3:58  Probe  
  33  4:03  Pylon  
  33  4:10  Probe  
  34  4:22  Probe  
  35  4:49  Void Ray  
  35  4:50  Void Ray  
  43  4:54  Probe  
  44  5:02  Probe  
  44  5:06  Nexus  
  45  5:11  Probe  
  46  5:14  Probe  
  47  5:23  Probe  
  47  5:26  Probe  
  49  5:31  Void Ray  
  49  5:33  Void Ray  
  57  5:36  Probe  
  57  5:38  Probe  
  59  5:48  Probe  
  60  6:00  Probe  
  61  6:17  Void Ray  
  61  6:27  Void Ray  
  69  6:35  Probe  
  70  6:43  Probe  
  70  6:47  Stargate  
  70  6:51  Assimilator  
  70  6:53  Probe  
  71  6:57  Assimilator  
  71  6:59  Void Ray  
  71  7:00  Pylon  
  72  7:04  Pylon  
  72  7:05  Probe  
  73  7:09  Void Ray  
  81  7:17  Probe  
  82  7:33  Protoss Air Weapons Level 1  
  82  7:51  Void Ray  
  86  8:38  Void Ray x2  
  94  8:48  Fleet Beacon  
  94  8:50  Void Ray  
  98  8:57  Pylon  
  98  9:12  Forge  
  98  9:20  Void Ray  
  98  9:21  Void Ray  
  98  9:23  Probe  
  107  9:31  Probe  
  108  9:40  Probe  
  109  9:47  Photon Cannon  
  109  9:50  Photon Cannon  
  109  9:53  Photon Cannon  
  109  9:58  Pylon  
  109  10:00  Pylon  
Show
View Real Time Build Order
Export as new Build Order

Kingfischer Terran 

Build Orders:  

Get SALT Encoding   

  12  0:01  SCV  
  13  0:18  Supply Depot  
  13  0:19  SCV  
  14  0:31  SCV  
  15  0:40  Supply Depot  
  15  0:43  SCV  
  16  0:55  SCV  
  17  0:58  Barracks  
  17  1:10  SCV  
  18  1:17  Refinery  
  18  1:41  Command Center  
  18  1:55  Barracks  
  18  1:59  Orbital Command  
  18  2:06  Marine  
  19  2:37  SCV  
  20  2:55  Barracks  
  20  3:17  Command Center  
  20  3:20  Barracks Tech Lab  
  20  3:22  Barracks Reactor  
  20  3:26  SCV  
  21  3:36  SCV  
  22  3:48  SCV  
  23  4:00  SCV  
  24  4:05  Refinery, Barracks Tech Lab  
  24  4:12  SCV  
  24  4:13  Engineering Bay  
  24  4:24  SCV  
  25  4:38  Marauder x2, Marine  
  29  4:39  Marine  
  29  4:42  SCV  
  32  4:49  Factory  
  32  4:51  SCV  
  33  4:56  Marine  
  33  4:59  Marauder x2  
  38  5:03  SCV  
  39  5:08  Terran Infantry Weapons Level 1  
  39  5:15  SCV  
  39  5:20  Marauder  
  39  5:21  Marauder  
  44  5:27  SCV  
  45  5:44  Factory Tech Lab  
  45  5:46  Supply Depot  
  45  5:50  Orbital Command  
  45  6:01  Combat Shield  
  45  6:07  Marauder x2  
  49  6:14  Supply Depot  
  49  6:16  Siege Tank  
  50  6:29  Marauder  
  42  6:45  Marine  
  42  6:46  Marine x2  
  39  6:50  Marauder  
  39  7:04  Marauder  
  41  7:11  Supply Depot  
  41  7:12  Marauder, Terran Infantry Armor Level 1  
  43  7:26  Marauder  
  42  7:33  Marauder  
  42  7:34  SCV  
  45  7:46  SCV  
  45  7:47  Marauder  
  48  7:54  Marauder  
  48  7:55  Starport  
  48  7:57  SCV  
  51  7:58  SCV  
  51  8:04  Engineering Bay  
  52  8:11  Siege Tank  
  55  8:28  Concussive Shells  
  53  8:44  Widow Mine  
  55  8:51  Starport Reactor  
  55  8:55  Starport  
  55  8:59  Barracks  
  55  9:01  Hi-Sec Auto Tracking  
  55  9:14  Refinery  
  55  9:16  Refinery  
  55  9:23  Missile Turret  
  58  9:35  Starport Reactor  
  61  9:45  Missile Turret  
Show
View Real Time Build Order
Export as new Build Order

finessipov Terran 

Build Orders:  

Get SALT Encoding   

  12  0:01  SCV  
  13  0:13  SCV  
  14  0:21  Supply Depot  
  14  0:25  SCV  
  15  0:42  SCV  
  16  0:45  Barracks  
  16  0:54  SCV  
  16  0:56  Refinery  
  17  1:12  SCV  
  17  1:13  Supply Depot  
  18  1:24  SCV  
  19  1:26  Barracks  
  19  1:36  SCV  
  20  1:46  Barracks  
  20  1:57  Barracks Reactor  
  20  1:59  SCV  
  21  2:15  Barracks Reactor  
  21  2:32  Command Center  
  21  2:37  Marine x2  
  23  2:49  Command Center  
  23  3:01  Factory  
  23  3:04  Marine x2  
  23  3:05  Marine  
  26  3:15  SCV  
  27  3:26  Marine  
  27  3:27  Marine, SCV  
  30  3:39  SCV  
  31  3:49  Factory Tech Lab  
  31  3:54  Refinery, SCV x2  
  33  4:02  SCV  
  34  4:06  SCV x2  
  36  4:14  SCV  
  36  4:15  Starport  
  37  4:18  SCV  
  35  4:26  SCV  
  35  4:30  SCV  
  32  4:32  Siege Tank  
  32  4:38  SCV  
  30  5:04  Siege Tank  
  29  5:09  Starport Tech Lab  
  29  5:10  Starport Reactor  
  28  5:15  SCV  
  28  5:19  SCV  
  30  5:23  Refinery  
  30  5:27  SCV  
  31  5:31  SCV  
  32  5:39  SCV  
  32  5:40  Supply Depot  
  30  5:52  SCV  
  31  6:01  Viking x2  
  31  6:22  Refinery  
  31  6:25  Refinery  
  30  6:52  Siege Tank  
  33  6:58  Starport, SCV  
  34  7:10  SCV  
  35  7:22  SCV  
  36  7:34  SCV  
  37  7:46  SCV  
  32  8:51  Refinery  
  32  8:54  Starport Reactor  
  32  9:06  SCV  
  33  9:18  SCV  
  30  9:29  Command Center  
  30  9:30  SCV  
  31  9:42  SCV  
Show
View Real Time Build Order
Export as new Build Order

Revenbard Zerg 

Build Orders: Hatch First 

Get SALT Encoding   

  12  0:01  Drone  
  13  0:08  Drone  
  14  0:24  Overlord  
  14  0:47  Drone  
  14  0:49  Hatchery  
  14  0:52  Drone  
  14  0:54  Drone  
  16  1:00  Drone  
  17  1:06  Extractor  
  17  1:09  Drone  
  17  1:21  Spawning Pool  
  17  1:24  Drone  
  17  1:33  Drone  
  18  1:44  Drone  
  19  1:52  Drone  
  20  2:08  Drone x2  
  22  2:09  Hatchery  
  21  2:18  Queen  
  23  2:26  Queen  
  25  2:35  Drone  
  25  2:36  Drone x2  
  28  2:44  Overlord  
  28  2:54  Roach Warren  
  27  3:10  Drone  
  27  3:11  Drone x5  
  33  3:22  Queen  
  35  3:29  Drone  
  35  3:30  Drone x2  
  38  3:40  Roach  
  38  3:41  Roach  
  42  3:42  Overlord x2  
  42  3:52  Overlord  
  42  4:00  Evolution Chamber  
  42  4:01  Lair  
  42  4:02  Roach  
  47  4:03  Roach x2  
  47  4:08  Drone x3  
  50  4:20  Drone  
  50  4:21  Drone x6  
  57  4:35  Drone x6  
  63  4:42  Overlord, Extractor  
  63  4:43  Overlord  
  62  4:50  Roach  
  62  4:51  Roach  
  62  5:02  Roach  
  62  5:03  Roach x2  
  62  5:07  Roach  
  68  5:09  Queen x2  
  68  5:10  Queen  
  74  5:14  Drone x2  
  74  5:17  Drone x4  
  80  5:23  Extractor  
  80  5:26  Extractor  
  78  5:34  Drone x4  
  82  5:36  Overlord x2  
  82  5:46  Hatchery  
  82  5:47  Drone  
  82  5:52  Overlord x4  
  82  5:56  Extractor  
  81  6:00  Extractor  
  80  6:15  Spire  
  80  6:16  Roach  
  80  6:17  Roach x8  
  97  6:35  Roach  
  97  6:36  Roach x6  
  97  6:38  Overlord x2  
  97  6:39  Overlord  
  111  6:45  Zerg Missile Weapons Level 1  
  111  7:05  Roach  
  111  7:06  Roach x9  
  131  7:13  Drone  
  132  7:21  Queen  
  130  7:52  Roach  
  130  7:53  Roach x14  
  130  7:56  Overlord x4  
  160  8:23  Mutalisk x9  
  178  8:46  Mutalisk  
  178  8:47  Mutalisk x3  
Show
View Real Time Build Order
Export as new Build Order

redbusman Terran 

Build Orders:  

Get SALT Encoding   

  12  0:01  SCV  
  13  0:15  Supply Depot  
  13  0:27  SCV  
  14  0:39  SCV  
  15  1:02  Barracks  
  15  1:06  SCV  
  15  1:11  Refinery  
  16  1:22  Barracks  
  16  1:27  Engineering Bay  
  16  1:36  SCV  
  17  1:48  SCV  
  17  1:53  Supply Depot  
  18  2:00  SCV  
  19  2:04  Barracks  
  19  2:05  Marine  
  20  2:15  Barracks Tech Lab  
  20  2:23  Marine  
  21  2:31  Terran Infantry Weapons Level 1  
  21  2:39  Marine  
  21  2:40  Marine  
  23  2:52  Barracks Tech Lab  
  23  2:57  Marine  
  24  2:58  Marine  
  25  3:15  Marine  
  25  3:16  Command Center  
  25  3:17  Marine  
  27  3:29  Orbital Command  
  27  3:32  Marine  
  28  3:35  Marine  
  29  3:43  Stimpack  
  29  3:52  Marine  
  29  3:53  Combat Shield  
  30  3:56  Marine  
  31  4:07  Supply Depot  
  31  4:13  Marine x2  
  33  4:36  Marine  
  33  4:37  Marine x2  
  36  4:46  Supply Depot  
  33  4:54  Marine x3  
  36  5:05  SCV  
  37  5:12  Marine x2  
  37  5:13  Marine  
  40  5:17  SCV  
  41  5:26  Orbital Command  
  41  5:29  SCV  
  41  5:30  Marine x2  
  44  5:40  Marine  
  44  5:41  SCV  
  46  5:48  Marine  
  47  5:53  SCV  
  47  5:56  Barracks Reactor  
  48  6:03  Factory, SCV  
  49  6:05  SCV  
  49  6:06  Marine  
  51  6:15  SCV  
  51  6:16  Marine  
  51  6:17  Refinery  
  53  6:23  Marine  
  54  6:27  SCV  
  54  6:30  Supply Depot  
  55  6:33  Supply Depot  
  55  6:34  Marine  
  55  6:35  Supply Depot  
  57  6:40  SCV  
  57  6:44  Marine x2  
  57  6:45  Marine  
  60  6:52  Marine, SCV  
  62  7:02  Marine x2  
  64  7:14  Marine x2  
  66  7:20  Marine x2  
  66  7:21  SCV  
  69  7:32  Marine x2  
  69  7:33  SCV  
  63  7:38  Marine x2  
  46  7:45  SCV  
  46  7:50  Marine x2, Factory Tech Lab  
  48  7:55  Factory  
  48  7:56  Marine  
  48  7:58  SCV  
  45  8:03  Starport  
  41  8:10  SCV  
  41  8:21  Missile Turret  
  41  8:28  Missile Turret  
  41  8:34  Siege Tank  
  41  8:41  Marine x3  
  41  8:42  Marine  
  43  8:59  Marine x4  
  44  9:17  Marine  
  42  9:30  Siege Tank  
  40  9:32  Factory Tech Lab  
  15  9:45  Command Center  
Tags
 
Add a new tag
Caveats
  • Supply blocks, unpowered buildings, or Contaminate may cause inaccurate times.
  • Supply counts are checked every 10 seconds.